 Dungeon Crawl Stone Soup version 0.18.1-48-g4cf74bf (webtiles) character file.

98 Mesmaeker13 the Cudgeler (level 4, 0/49 HPs)
             Began as an Ogre Gladiator on Aug 3, 2016.
             Slain by Sigmund
             ... wielding a +0 scythe
              (2 damage)
             ... on level 3 of the Dungeon.
             The game lasted 00:03:42 (1724 turns).

Mesmaeker13 the Cudgeler (Ogre Gladiator)           Turns: 1724, Time: 00:03:43

Health: 0/49       AC:  3    Str: 19 (20) XL:     4   Next: 71%
Magic:  4/4        EV: 10    Int:  5 (7)  God:
Gold:   132        SH:  0    Dex: 10 (11) Spells: 0 memorised, 3 levels left

rFire  . . .     SeeInvis .     a - +0 flail
rCold  . . .     Gourm    .     b - +0 robe
rNeg   . . .     Faith    .     (no shield)
rPois  .         Spirit   .     c - +0 hat
rElec  .         Dismiss  .     (no cloak)
rCorr  .         Reflect  .     (gloves unavailable)
SustAt .         Harm     .     (boots unavailable)
MR     .....                    (no amulet)
Stlth  +.........               (no ring)
                                (no ring)

@: confused, very slightly contaminated, invisible, not resistant to hostile
enchantments, very unstealthy
A: unfitting armour, tough skin 1
a: no special abilities


You were on level 3 of the Dungeon.
You were very hungry.

You visited 1 branch of the dungeon, and saw 3 of its levels.

You collected 132 gold pieces.

Inventory:

Hand Weapons
 a - a +0 flail (weapon)
Missiles
 d - 3 throwing nets (quivered)
 j - 2 tomahawks
 k - 9 poisoned needles
Armour
 b - a +0 robe (worn)
 c - a +0 hat (worn)
Jewellery
 e - an uncursed amulet of magic regeneration {unknown}
Wands
 w - a wand of iceblast (10/15)
Scrolls
 g - a scroll of magic mapping
 h - a scroll of amnesia
 p - a scroll of teleportation
Potions
 i - a potion of invisibility
Comestibles
 f - 2 bread rations
 l - a meat ration
 u - a royal jelly


   Skills:
 + Level 4.4 Fighting
 + Level 5.2 Maces & Flails
 - Level 2.0 Throwing
 + Level 3.3 Dodging


You had 3 spell levels left.
You didn't know any spells.

Dungeon Overview and Level Annotations

Branches:
Dungeon (3/15)

Altars:
Ru
Zin

Annotations:
D:3 Sigmund


Innate Abilities, Weirdness & Mutations

You are too large for most types of armour.
You have tough skin (AC +1).


Message History

Sigmund hits you but does no damage.
Your transformation is almost over.
Sigmund hits you but does no damage.
You feel yourself slow down.
You feel sick. Sigmund hits you but does no damage.
Sigmund hits you but does no damage. Sigmund hits you but does no damage.
You feel sick.
You are no longer poisoned.
Read which item? (? for menu, Esc to quit)
You cannot teleport because you are held in place by your roots.
Drink which item? (? for menu, Esc to quit)
You fade into invisibility!
You are feeling very hungry.
Sigmund gestures at you while chanting.
You are confused.
You feel less woody.
Your +0 hat unmelds from your body.
Your +0 robe unmelds from your body.
Sigmund hits you from afar with a scythe.
You die...

*******##### ****,,,,,,,...#
*,,,,,***####.#####
*,**,,*###........#
*,,,,,,,..........########***
****,,#.#.###.##.##..........,,*
,,,,,,.........@)....########*,*
****,,*.#.###g##)##..## *,*
*,,,,,,#...##@##...# *,*
*,**,**#.####.##.#.# *,* *,**,*
#.* #.##.#.# **,*
****,**,**#,***#.##...# *,,**
,,,,,**,,,,,,,,..####.# *,**,
***********,***### #.# *,**, *,*
#.#######,**, *,* ##........,,,,
****##.########.......##,**,


You could see Sigmund.

Vanquished Creatures
  Ijyb (D:3)
  An adder (D:2)
  A worm (D:2)
  2 giant geckos
  2 orcs (D:3)
  4 bats (D:1)
  6 giant cockroaches
  3 goblins
  3 hobgoblins (D:1)
  6 kobolds
  A quokka (D:2)
  3 giant newts
  6 rats
39 creatures vanquished.

Vanquished Creatures (others)
  An orc wizard (D:3)
1 creature vanquished.

Grand Total: 40 creatures vanquished

Notes
Turn   | Place    | Note
--------------------------------------------------------------
     0 | D:1      | Mesmaeker13 the Ogre Gladiator began the quest for the Orb.
     0 | D:1      | Reached XP level 1. HP: 22/22 MP: 1/1
    83 | D:1      | Reached XP level 2. HP: 29/31 MP: 2/2
   792 | D:1      | Reached XP level 3. HP: 33/37 MP: 3/3
   799 | D:2      | Found a glowing silver altar of Zin.
   810 | D:2      | Found a sacrificial altar of Ru.
  1636 | D:3      | Noticed Ijyb
  1664 | D:3      | Noticed Sigmund
  1668 | D:3      | Reached skill level 5 in Maces & Flails
  1668 | D:3      | Reached XP level 4. HP: 16/48 MP: 4/4
  1676 | D:3      | Killed Ijyb
  1702 | D:3      | HP: 3/73 [poisoned by an orc wizard]
  1712 | D:3      | HP: 3/73 [poisoned by an orc wizard]
  1718 | D:3      | HP: 3/73 [poisoned by an orc wizard]
  1724 | D:3      | Slain by Sigmund

Skill      XL: |  1  2  3 |
---------------+----------+-----
Fighting       | 3 4 |  4.4
Dodging        | 3 |  3.3
Maces & Flails | 5 |  5.2
Throwing       | |  2.0

Action                   |  1- 3 |  4- 6 || total
-------------------------+-------+-------++-------
Melee: Flail             |   123 |     2 ||   125
Evoke: Wand              |       |     1 ||     1
  Use: Potion            |     5 |     1 ||     6
       Scroll            |       |     5 ||     5
 Stab: Sleeping          |     1 |       ||     1
  Eat: Chunk             |     2 |       ||     2
Armor: Robe              |    37 |       ||    37
       Skin              |     3 |     6 ||     9
Dodge: Dodged            |    73 |     1 ||    74
